AoeStats
← pablov02

Arena

510571943Analyzed
3v3 RM · 22h ago on Oct 1, 2026· 38m 52s· 6 players
Game mode
Random Map
Map size
Normal (6 player)
Population
200
Speed
Normal
Resources
Standard
Victory
Conquest
Starting age
Dark Age
Ending age
Imperial Age
RankedLock teamsTeams togetherTeam positionsShared explorationLock speedFull tech treeHidden civsTurbo modeCheats
Victory
Defeat
🇨🇿 Armenians · Czechia
1203
+8
🇺🇸 Bohemians · United States
1199
+8
🇪🇸 Teutons · Spain
1102
+11
🇬🇧 Danes · United Kingdom
1079
-11
🇬🇧 Cumans · United Kingdom
996
-21
🇬🇧 Varangians · United Kingdom
950
-7
pablov02
11:12 Feudal Age
15:33 Castle Age
14:04 Double-Bit Axe
14:14 Stone Mining
15:35 Horse Collar
16:27 Loom
17:08 Bow Saw
16:52 Gold Mining
19:50 Fletching
22:51 Bodkin Arrow
25:10 Wheelbarrow
26:29 Stone Shaft Mining
26:39 Hand Cart
27:33 Heavy Plow
31:10 Imperial Age
28:45 Scale Mail Armor
29:34 Forging
30:44 Chain Mail Armor
30:08 Pikeman
30:33 Gambesons
32:15 Iron Casting
31:44 Squires
33:04 Plate Mail Armor
33:04 Conscription
34:18 Two-Man Saw
34:39 Blast Furnace
33:39 Halberdier
34:22 Elite Teutonic Knight
35:44 Arson
35:20 Man-at-Arms
38:02 Crenellations
38:18 Hoardings
37:18 Long Swordsman
37:58 Two-Handed Swordsman
38:37 Champion
GloatingRumble2
10:48 Feudal Age
12:45 Feudal Age
16:41 Castle Age
14:33 Horse Collar
14:41 Double-Bit Axe
18:30 Fervor
23:00 Imperial Age
22:23 Chemistry
21:50 Bow Saw
21:44 Loom
22:22 Padded Archer Armor
24:35 Wheelbarrow
25:16 Leather Archer Armor
34:05 Siege Engineers
34:36 Fletching
35:09 Ballistics
Zelda
10:59 Feudal Age
16:46 Castle Age
15:07 Double-Bit Axe
15:17 Horse Collar
19:57 Wheelbarrow
19:08 Loom
22:55 Squires
22:15 Pikeman
25:20 Hand Cart
25:47 Gambesons
25:23 Man-at-Arms
26:35 Forging
26:20 Long Swordsman
27:08 Scale Mail Armor
27:20 Two-Handed Swordsman
28:34 Scale Mail Armor
29:11 Iron Casting
29:32 Fletching
29:59 Chain Mail Armor
30:41 Ballistics
29:47 Two-Handed Swordsman
33:18 Imperial Age
36:53 Blast Furnace
35:49 Bodkin Arrow
35:54 Padded Archer Armor
36:12 Bow Saw
35:53 Gold Mining
36:19 Fereters
36:42 Heavy Plow
36:22 Champion
36:49 Arson
38:34 Plate Mail Armor
37:44 Halberdier
EdgyDingDong
11:30 Feudal Age
9:48 Loom
11:33 Feudal Age
18:43 Castle Age
16:58 Double-Bit Axe
25:16 Bow Saw
28:47 Gold Mining
28:51 Stone Mining
30:48 Fletching
31:00 Padded Archer Armor
34:29 Bodkin Arrow
35:03 Bloodlines
37:35 Leather Archer Armor
38:20 Husbandry
Mammal;
9:55 Feudal Age
10:07 Loom
14:32 Castle Age
13:15 Double-Bit Axe
13:52 Horse Collar
15:57 Bow Saw
18:01 Arson
21:10 Fletching
21:43 Heavy Plow
22:23 Gold Mining
22:24 Stone Mining
23:11 Scale Mail Armor
25:33 Forging
25:38 Chain Mail Armor
27:20 Wheelbarrow
28:08 Iron Casting
28:42 Squires
34:38 Hand Cart
40:53 Imperial Age
Milli148
11:02 Feudal Age
12:37 Horse Collar
13:16 Gold Mining
14:47 Double-Bit Axe
21:45 Castle Age
21:19 Fletching
23:21 Heavy Plow
25:07 Light Cavalry
25:57 Bloodlines
26:54 Gold Shaft Mining
26:10 Stone Mining
33:07 Imperial Age
32:06 Bodkin Arrow
33:48 Elite Kipchak
37:23 Ballistics
38:03 Chemistry
Connection lost

Rejoining the realm…

Still unreachable

The connection could not be restored.

Session expired

The server has moved on; the page needs a fresh start.